 Seeded DCSS version 0.30-a0-728-gc68057be0a (webtiles) character file.

Game seed: 13946130151040531641 (custom seed)

459 drewk1942 the Magician (level 7, -1/51 HPs)
             Began as a Gnoll Wanderer on Jan 31, 2023.
             Splashed by a jelly's acid (4 damage)
             ... on level 4 of the Dungeon.
             The game lasted 00:06:50 (3692 turns).

drewk1942 the Magician (Gnoll Wanderer)             Turns: 3692, Time: 00:06:51

Health: -1/51      AC: -12   Str: 15    XL:     7   Next: 6%
Magic:  17/18      EV: 18    Int: 12    God:
Gold:   124        SH:  0    Dex:  9    Spells: 15/21 levels left

rFire   . . .      SeeInvis .    j - +4 spear (vamp)
rCold   . . .      Faith    .    (no shield)
rNeg    . . .      Spirit   .    e - +0 robe
rPois   .          Reflect  .    (no helmet)
rElec   .          Harm     .    (no cloak)
rCorr   .          Rampage  .    (no gloves)
Will    .....                    s - +0 pair of boots
Stlth   ++                       (no amulet)
HPRegen 0.28/turn                g - +5 ring of evasion
MPRegen 0.16/turn                (no ring)

@: corroded
A: fangs 1, strong nose, distributed training
a: no special abilities


You were on level 4 of the Dungeon.
You visited 1 branch of the dungeon, and saw 4 of its levels.

You collected 124 gold pieces.

Inventory:

Hand Weapons
 a - a +0 club
 j - a +4 vampiric spear (weapon)
 k - a +2 dagger of venom
Missiles
 i - 9 poisoned darts
Armour
 e - a +0 robe (worn)
 n - a +2 leather armour of poison resistance
 s - a +0 pair of boots (worn)
 A - the +2 leather armour "Pipty" {Rampage Will+}
   (You found it on level 4 of the Dungeon)

   Rampage:   It bestows one free step when moving towards enemies.
   Will:      It increases your willpower.
Magical Staves
 q - a staff of air
Jewellery
 g - a +5 ring of evasion (left hand)
Wands
 c - a wand of flame (3)
Scrolls
 b - a scroll of butterflies
 d - a scroll of blinking
 h - 4 scrolls of teleportation
 o - 2 scrolls of vulnerability {unknown}
 p - a scroll of immolation {unknown}
 r - a scroll of enchant weapon {unknown}
 t - a scroll of fear {unknown}
 u - 2 scrolls of identify {unknown}
 w - a scroll of magic mapping {unknown}
 y - a scroll of fog {unknown}
Potions
 f - a potion of invisibility
 l - 3 potions of curing {unknown}
 m - a potion of cancellation {unknown}
 v - a potion of attraction {unknown}
 x - 2 potions of heal wounds {unknown}
 z - 2 potions of degeneration {unknown}


   Skills:
 + Level 2.3 Fighting
 + Level 2.3 Short Blades
 + Level 2.3 Long Blades
 + Level 2.3 Axes
 + Level 2.3 Maces & Flails
 + Level 2.3 Polearms
 + Level 2.3 Staves
 + Level 2.3 Ranged Weapons
 + Level 2.3 Throwing
 + Level 2.3 Armour
 + Level 5.1 Dodging
 + Level 2.3 Stealth
 + Level 2.3 Shields
 + Level 7.0 Unarmed Combat
 + Level 7.5 Spellcasting
 + Level 1.9 Conjurations
 + Level 1.9 Hexes
 + Level 1.9 Summonings
 + Level 1.9 Necromancy
 + Level 1.9 Translocations
 + Level 1.9 Transmutations
 + Level 1.9 Fire Magic
 + Level 1.9 Ice Magic
 + Level 1.9 Air Magic
 + Level 1.9 Earth Magic
 + Level 1.9 Poison Magic
 + Level 2.5 Invocations
 + Level 5.1 Evocations


You had 15 spell levels left.
You knew the following spells:

 Your Spells              Type           Power      Damage    Failure   Level
a - Sting                 Tmut/Pois      36%        1d4       7%          1
b - Wereblood             Tmut           9%         N/A       11%         2
c - Frozen Ramparts       Ice            18%        1d3       22%         3

Your spell library contained the following spells:

 Spells                   Type           Power      Damage    Failure   Level
 Freeze                   Ice            36%        1d5       7%          1
 Kiss of Death            Conj/Necr      36%        2d8       7%          1
 Slow                     Hex            36%        N/A       7%          1
 Confusing Touch          Hex            9%         N/A       22%         3
 Hailstorm                Conj/Ice       9%         3d4       22%         3
 Ignite Poison            Fire/Tmut/Pois 9%         N/A       22%         3
 Vampiric Draining        Necr           9%         2d6       22%         3
 Dispel Undead            Necr           9%         3d8       56%         4
 Flame Wave               Conj/Fire      9%         2d6       56%         4
 Iskenderun's Mystic Bla  Conj/Tloc      9%         2d4       56%         4
 Arcjolt                  Conj/Air       4%         1d14      89%         5
 Blade Hands              Tmut           4%         N/A       89%         5
 Starburst                Conj/Fire      4%         6d4       100%        6


Dungeon Overview and Level Annotations

Branches:
Dungeon (4/15)
 Temple: D:4-7

Altars:
Dithmenos

Shops:
D:1 (


Innate Abilities, Weirdness & Mutations

You have very sharp teeth.
Your uncanny sense of smell can sniff out nearby items.
Your experience applies equally to all skills.


Message History

The sting hits the jelly.
The jelly partially resists.
The jelly is poisoned.
The jelly is lightly wounded.
The sting hits the jelly.
The jelly partially resists.
The jelly is moderately wounded.
You barely miss the jelly.
The jelly is moderately wounded.
The jelly misses you.
You hit the jelly. The acid corrodes you!
Your hands burn!
You bite the jelly.
The jelly is severely wounded.
The jelly hits you. The acid corrodes you!
You are splashed with acid.
You hit the jelly but do no damage. The acid corrodes you!
Your hands burn!
The jelly is severely wounded.
The jelly hits you. The acid corrodes you!
You are splashed with acid!
You are too injured to fight recklessly!
You are too injured to fight recklessly!
You are too injured to fight recklessly!
You are too injured to fight recklessly!
You are too injured to fight recklessly!
You are too injured to fight recklessly!
You are too injured to fight recklessly!
You are too injured to fight recklessly!
You are too injured to fight recklessly!
You are too injured to fight recklessly!
Unknown command.
You hit the jelly but do no damage. The acid corrodes you!
Your hands burn!
The jelly is severely wounded.
The jelly looks more healthy.
The jelly hits you.
You are splashed with acid.
* * * LOW HITPOINT WARNING * * *
You barely miss the jelly.
The jelly is almost dead.
The jelly completely misses you.
You hit the jelly but do no damage.
Your hands burn!
* * * LOW HITPOINT WARNING * * *
The jelly is almost dead.
The jelly hits you.
* * * LOW HITPOINT WARNING * * *
You are splashed with acid!
* * * LOW HITPOINT WARNING * * *
You hit the jelly but do no damage.
Your hands burn!
You die...

♣♣.♣♣ ♣♣.♣ ...
♣.♣♣ #.#.#
♣.♣♣ #.#.#
♣..♣ #.#.#
♣♣.♣ #)#.#
#### ♣.♣
#.#.## ...
♣♣♣.♣
#...>###.#####
♣...♣
#...<..@J....#
....♣
#....###.###.#
...♣♣ #.####
.# .♣♣♣ #.# .#
.♣ #.# .# ♣♣
#.# .# #.# .#
#.# .# #<#


You could see a jelly.

Vanquished Creatures
  2 phantoms (D:4)
  2 hounds
  Jessica (D:3)
  Ijyb (D:3)
  Terence (D:3)
  4 gnolls (D:2)
  3 adders
  An ufetubus (D:4)
  3 worms
  2 dart slugs (D:1)
  10 orcs
  6 bats
  10 endoplasms
  3 giant cockroaches
  11 goblins
  3 hobgoblins (D:3)
  7 ball pythons
  4 frilled lizards
  8 kobolds
  8 rats
90 creatures vanquished.

Notes
Turn   | Place    | Note
-------+----------+-------------------------------------------
     0 | D:1      | drewk1942 the Gnoll Wanderer began the quest for the Orb.
     0 | D:1      | drewk1942 set off with the following items: a +0 club, a
                  | scroll of butterflies, a wand of flame (6), a scroll of
                  | blinking, a +0 robe, a potion of invisibility; and the
                  | following spell memorised: Sting; and the following spells
                  | available to memorise: Ignite Poison.
     0 | D:1      | Reached XP level 1. HP: 13/13 MP: 8/8
    45 | D:1      | Found a faded altar of an unknown god.
   351 | D:1      | Reached XP level 2. HP: 18/19 MP: 6/10
  1229 | D:1      | Found Satoxzas's Antique Weapon Boutique.
  1310 | D:2      | Reached XP level 3. HP: 24/25 MP: 11/11
  1325 | D:2      | Reached skill level 1 in Invocations
  1492 | D:2      | Reached skill level 1 in Fighting
  1492 | D:2      | Reached skill level 1 in Short Blades
  1492 | D:2      | Reached skill level 1 in Long Blades
  1492 | D:2      | Reached skill level 1 in Axes
  1492 | D:2      | Reached skill level 1 in Maces & Flails
  1492 | D:2      | Reached skill level 1 in Polearms
  1492 | D:2      | Reached skill level 1 in Staves
  1492 | D:2      | Reached skill level 1 in Ranged Weapons
  1492 | D:2      | Reached skill level 1 in Throwing
  1492 | D:2      | Reached skill level 1 in Armour
  1492 | D:2      | Reached skill level 1 in Stealth
  1492 | D:2      | Reached skill level 1 in Shields
  1590 | D:2      | Reached XP level 4. HP: 22/32 MP: 13/13
  1766 | D:2      | Found a shadowy altar of Dithmenos.
  1909 | D:2      | Reached skill level 1 in Conjurations
  1909 | D:2      | Reached skill level 1 in Hexes
  1909 | D:2      | Reached skill level 1 in Summonings
  1909 | D:2      | Reached skill level 1 in Necromancy
  1909 | D:2      | Reached skill level 1 in Translocations
  1909 | D:2      | Reached skill level 1 in Transmutations
  1909 | D:2      | Reached skill level 1 in Fire Magic
  1909 | D:2      | Reached skill level 1 in Ice Magic
  1909 | D:2      | Reached skill level 1 in Air Magic
  1909 | D:2      | Reached skill level 1 in Earth Magic
  1909 | D:2      | Reached skill level 1 in Poison Magic
  2031 | D:2      | Reached XP level 5. HP: 34/37 MP: 14/14
  2273 | D:3      | Identified a scroll of acquirement
  2273 | D:3      | Acquired the Parchment of Transformed Outbursts
  2290 | D:3      | Noticed Terence
  2297 | D:3      | Killed Terence
  2301 | D:3      | Learned a level 2 spell: Wereblood
  2305 | D:3      | Learned a level 3 spell: Frozen Ramparts
  2562 | D:3      | Noticed Ijyb
  2595 | D:3      | Killed Ijyb
  2858 | D:3      | Reached XP level 6. HP: 44/44 MP: 16/16
  2929 | D:3      | Noticed Jessica
  2937 | D:3      | Killed Jessica
  2938 | D:3      | Reached skill level 5 in Dodging
  2938 | D:3      | Reached skill level 5 in Evocations
  3288 | D:4      | Identified the +2 leather armour "Pipty" {Rampage Will+}
  3535 | D:4      | Reached XP level 7. HP: 32/51 MP: 16/18
  3692 | D:4      | Splashed by a jelly's acid

Illustrated notes

Levels and vault maps discovered:
D:1:      giann_wishing_wells, layout_loops_corners, serial_shops,
          nicolae_shop_hallway_plus, dreamdust_ecumenical_altar_statues
D:2:      minmay_chambers_of_ones, layout_basic, basic_altar, wad_orctagon
D:3:      layout_loops_ring, reono_crystal_passage, roderic_serpentine_path,
          lightli_corner_chamber, uniq_terence, uniq_jessica, uniq_ijyb
D:4:      kb_forest_paths, layout_loops_ring, serial_rivers,
          chequers_serial_rivers_small_b, chequers_serial_rivers_micro_d,
          chequers_serial_rivers_micro_a, chequers_serial_rivers_micro_d,
          chequers_serial_rivers_micro_a

Skill      XL: |  1  2  3  4  5  6 |
---------------+-------------------+-----
Invocations    | 1 2 |  2.5
Fighting       | 1 2 |  2.3
Short Blades   | 1 2 |  2.3
Long Blades    | 1 2 |  2.3
Axes           | 1 2 |  2.3
Maces & Flails | 1 2 |  2.3
Polearms       | 1 2 |  2.3
Staves         | 1 2 |  2.3
Ranged Weapons | 1 2 |  2.3
Throwing       | 1 2 |  2.3
Armour         | 1 2 |  2.3
Stealth        | 1 2 |  2.3
Shields        | 1 2 |  2.3
Conjurations   | 1 |  1.9
Hexes          | 1 |  1.9
Summonings     | 1 |  1.9
Necromancy     | 1 |  1.9
Translocations | 1 |  1.9
Transmutations | 1 |  1.9
Fire Magic     | 1 |  1.9
Ice Magic      | 1 |  1.9
Air Magic      | 1 |  1.9
Earth Magic    | 1 |  1.9
Poison Magic   | 1 |  1.9
Dodging        | 5 |  5.1
Evocations     | 5 |  5.1
Unarmed Combat | 7 |  7.0
Spellcasting   | |  7.5

Action                     |  1- 3 |  4- 6 |  7- 9 || total
---------------------------+-------+-------+-------++-------
  Melee: Club              |    42 |       |       ||    42
         Spear             |    40 |   200 |     7 ||   247
         Punch             |     1 |     7 |       ||     8
         Bite              |     1 |    14 |     1 ||    16
  Throw: Dart              |       |     2 |       ||     2
   Cast: Sting             |    27 |     3 |     2 ||    32
         Wereblood         |       |     1 |       ||     1
  Evoke: Wand              |     2 |     1 |       ||     3
    Use: Scroll            |       |     3 |       ||     3
   Stab: Sleeping          |     2 |     4 |       ||     6
         Distracted        |     1 |       |       ||     1
 Armour: Robe              |     8 |    14 |       ||    22
  Dodge: Dodged            |    69 |   163 |     2 ||   234

Table legend: (Time is in decaauts)
 A = Elapsed time spent in this place.
 B = Non-inter-level travel time spent in this place.
 C = Inter-level travel time spent in this place.
 D = Time resting spent in this place.
 E = Time spent auto-exploring this place.
 F = Levels seen in this place.
 G = Mean time per level.
                   A        B        C        D        E       F      G
               +--------+--------+--------+--------+--------+-----+--------+
         Total |   3708 |   3513 |    195 |    103 |   2706 |   4 |  927.0 |
       Dungeon |   3708 |   3513 |    195 |    103 |   2706 |   4 |  927.0 |
               +--------+--------+--------+--------+--------+-----+--------+

Top non-repeatable levels by time:
     D:1: 1400 daAuts
     D:3: 982 daAuts
     D:2: 869 daAuts
     D:4: 455 daAuts
